 Dungeon Crawl Stone Soup version 0.27-a0-1502-g47ed6a6988 (webtiles) character file.

Game seed: 10882330573544894435

39 Kold the Chopper (level 3, 0/29 HPs)
             Began as a Demonspawn Monk on July 9, 2021.
             Slain by an orc (3 damage)
             ... on level 2 of the Dungeon.
             The game lasted 00:01:23 (1587 turns).

Kold the Chopper (Demonspawn Monk)                  Turns: 1587, Time: 00:01:23

Health: 0/29       AC:  4    Str: 12    XL:     3   Next: 28%
Magic:  3/3        EV: 13    Int: 11    God:
Gold:   53         SH:  0    Dex: 15    Spells: 2/2 levels left

rFire    . . .     SeeInvis .   a - +0 hand axe
rCold    . . .     Faith    .   (no shield)
rNeg     . . .     Spirit   .   b - +0 robe
rPois    .         Reflect  .   (no helmet)
rElec    .         Harm     .   (no cloak)
rCorr    .         Rampage  .   (no gloves)
Will     .....                  (no boots)
Stlth    ++........             (no amulet)
HPRegen  0.09/turn              (no ring)
MPRegen  0.08/turn              (no ring)

@: no status effects
A: thin metallic scales 1
a: no special abilities


You were on level 2 of the Dungeon.
You visited 1 branch of the dungeon, and saw 2 of its levels.

You collected 53 gold pieces.

Inventory:

Hand Weapons
 a - a +0 hand axe (weapon)
Armour
 b - a +0 robe (worn)
Magical Staves
 j - a staff of earth
Scrolls
 c - a scroll of teleportation {unknown}
 e - a scroll of enchant armour {unknown}
 f - a scroll of blinking {unknown}
 h - a scroll of identify {unknown}
Potions
 d - a potion of lignification {unknown}
 g - a potion of berserk rage {unknown}
 i - 2 potions of mutation {unknown}


   Skills:
 - Level 3.1 Fighting
 + Level 3.8 Axes
 - Level 2.7 Dodging
 - Level 2.0 Stealth


You had 2 spell levels left.
You didn't know any spells.
Your spell library was empty.

Dungeon Overview and Level Annotations

Branches:
Dungeon (2/15)

Altars:


Innate Abilities, Weirdness & Mutations

You are partially covered in thin metallic scales. (AC +2)


Message History

You closely miss the jackal.
The jackal is moderately wounded.
The jackal bites you but does no damage.
The orc hits you from afar with a +0 trident.
The jackal barely misses you.
You are too injured to fight recklessly!
You closely miss the jackal.
The jackal is moderately wounded.
The jackal barely misses you. The jackal closely misses you.
You hit the jackal.
The jackal is severely wounded.
You completely miss the jackal.
The jackal bites you but does no damage. x2
The orc hits you from afar with a +0 trident.
The jackal bites you but does no damage.
You barely miss the jackal.
The jackal is severely wounded.
You hit the jackal. The jackal barely misses you. The orc barely misses you.
The jackal barely misses you. x2
You hit the jackal.
You kill the jackal!
You barely miss the jackal. The jackal misses you.
The orc hits you but does no damage. The jackal barely misses you.
The orc hits you from afar with a +0 trident.
The jackal barely misses you. The orc barely misses you.
You barely miss the orc. You barely miss the jackal.
The jackal barely misses you. The orc hits you with a +0 trident.
* * * LOW HITPOINT WARNING * * *
The jackal bites you but does no damage.
You hit the orc.
The orc is moderately wounded.
You hit the jackal.
The jackal bites you but does no damage.
The orc hits you with a +0 trident.
* * * LOW HITPOINT WARNING * * *
You barely miss the orc.
The orc is moderately wounded.
You barely miss the jackal. The jackal barely misses you.
The orc hits you with a +0 trident.
You die...

#. #. .# #.# #.##
#. #.. ...# #.#
..##..# #.# ..#..#
#.# #†#..#
###.####o#..#
##>.......@..#
#.......##h.##
+.......+...#
#...)...#...#
#.......#...#
#........)#>#
######....#.#
#....#.#
#.#########....#.#


You could see an orc and a jackal.

Vanquished Creatures
  A worm (D:2)
  A dart slug (D:1)
  5 endoplasms (D:1)
  2 giant cockroaches (D:2)
  5 goblins
  2 hobgoblins (D:1)
  3 jackals
  4 ball pythons
  2 bats
  2 frilled lizards (D:1)
  3 kobolds (D:1)
  2 rats (D:1)
32 creatures vanquished.

Notes
Turn   | Place    | Note
-------+----------+-------------------------------------------
     0 | D:1      | Kold the Demonspawn Monk began the quest for the Orb.
     0 | D:1      | Reached XP level 1. HP: 18/18 MP: 1/1
   255 | D:1      | Gained mutation: You are partially covered in thin metallic
                  | scales. (AC +2) [demonic ancestry]
   255 | D:1      | Reached XP level 2. HP: 20/24 MP: 2/2
   848 | D:1      | Reached XP level 3. HP: 28/29 MP: 3/3
  1587 | D:2      | Slain by an orc

Illustrated notes

Levels and vault maps discovered:
D:1:      dpeg_arrival_another_circle, layout_basic, feat_on_display
D:2:      layout_basic, ebering_ecumenical_altar_box

Skill      XL: |  1 |
---------------+----+-----
Stealth        | 2 |  2.0
Axes           | 3 |  3.8
Fighting       | |  3.1
Dodging        | |  2.7

Action                   || total
-------------------------++-------
Melee: Hand axe          ||   101
 Stab: Sleeping          ||     6
Armor: Robe              ||    29
Dodge: Dodged            ||    78

Table legend: (Time is in decaauts)
 A = Elapsed time spent in this place.
 B = Non-inter-level travel time spent in this place.
 C = Inter-level travel time spent in this place.
 D = Time resting spent in this place.
 E = Time spent auto-exploring this place.
 F = Levels seen in this place.
 G = Mean time per level.
                   A        B        C        D        E       F      G
               +--------+--------+--------+--------+--------+-----+--------+
         Total |   1600 |   1547 |     53 |      0 |   1316 |   2 |  800.0 |
       Dungeon |   1600 |   1547 |     53 |      0 |   1316 |   2 |  800.0 |
               +--------+--------+--------+--------+--------+-----+--------+

Top non-repeatable levels by time:
     D:1: 1318 daAuts
     D:2: 282 daAuts
